 Dungeon Crawl Stone Soup version 0.21-a0-521-g1cd18d1 (webtiles) character file.

173 slep the Chopper (level 5, -2/41 HPs)
             Began as a Demonspawn Monk on Dec 6, 2017.
             Splashed by a jelly's acid (8 damage)
             ... on level 4 of the Dungeon.
             The game lasted 00:07:18 (2476 turns).

slep the Chopper (Demonspawn Monk)                  Turns: 2476, Time: 00:07:19

Health: -2/41      AC: -1    Str: 13    XL:     5   Next: 28%
Magic:  0/5        EV: 11    Int: 11    God:
Gold:   190        SH:  3    Dex: 15    Spells: 4/4 levels left

rFire    . . .     SeeInvis .   w - +1 war axe (freeze)
rCold    . . .     Gourm    .   s - +0 buckler
rNeg     . . .     Faith    .   h - +0 ring mail
rPois    .         Spirit   +   x - +0 helmet
rElec    .         Reflect  .   (no cloak)
rCorr    .         Harm     .   (no gloves)
MR       .....                  (no boots)
Stlth    +.........             u - amulet of rage
HPRegen  0.13/turn              (no ring)
MPRegen  0.09/turn              (no ring)

@: corroded
A: magic shield
a: Evoke Berserk Rage


You were on level 4 of the Dungeon.
You were very hungry.

You visited 1 branch of the dungeon, and saw 4 of its levels.

You collected 190 gold pieces.

Inventory:

Hand Weapons
 a - a +0 hand axe
 w - a +1 war axe of freezing (weapon)
Armour
 b - a +0 robe
 e - a +0 leather armour
 h - a +0 ring mail (worn)
 s - a +0 buckler (worn)
 x - a +0 helmet (worn)
Jewellery
 u - an amulet of rage (around neck)
Scrolls
 d - a scroll of noise {unknown}
 f - a scroll of fog {unknown}
 k - 2 scrolls of identify {unknown}
 m - 2 scrolls of enchant armour {unknown}
 n - 3 scrolls of teleportation {unknown}
 o - a scroll of enchant weapon {unknown}
Potions
 g - 5 potions of curing
 i - a potion of berserk rage {unknown}
 j - a potion of resistance {unknown}
 l - a potion of haste {unknown}
 p - a potion of invisibility {unknown}
 q - a potion of magic {unknown}
 r - 2 potions of heal wounds {unknown}
 v - a potion of mutation {unknown}
Comestibles
 c - 3 bread rations
 t - a royal jelly


   Skills:
 + Level 3.5 Fighting
 + Level 3.6 Axes
 + Level 2.3 Armour
 + Level 3.5 Dodging
 + Level 1.7 Stealth
 + Level 0.2 Shields


You had 4 spell levels left.
You didn't know any spells.

Dungeon Overview and Level Annotations

Branches:
Dungeon (4/15)
 Temple: D:4-7

Altars:
Elyvilon
Makhleb

Annotations:
D:3 Grinder


Innate Abilities, Weirdness & Mutations

When hurt, damage is shared between your health and your magic reserves.


Message History

You hit the jelly but do no damage.
Your hands burn!
Your shield and ring mail prevent you from hitting the orc.
The jelly misses you. The orc hits you with a hand axe.
The dart slug launches a dart at you. The slug dart hits you!
A jelly comes into view.
The orc hits you with a hand axe.
You slash the jelly! You freeze the jelly.
Your hands burn!
* * * LOW HITPOINT WARNING * * *
The jelly is severely wounded.
The jelly misses you.
You hit the jelly. You freeze the jelly. The acid corrodes you!
Your hands burn!
* * * LOW HITPOINT WARNING * * *
The jelly is almost dead.
The jelly jiggles.
The jelly hits you.
* * * LOW HITPOINT WARNING * * *
You are splashed with acid!
The acid burns!
You die...

########
####.?....#
..........#
.........$#
.J.....oo.#
....###o### . #w#
######J#######
#>....@.......
#.####.##########
#................
#.####.##.....#
#........# ###
####.....# ....
#.....#
##..######.....#
#...........####
#


You could see a jelly, a dart slug and 3 orcs.

Vanquished Creatures
  A phantom (D:4)
  A howler monkey skeleton (D:4)
  2 adders (D:3)
  A worm (D:2)
  2 leopard geckos
  An orc (D:3)
  13 goblins
  8 hobgoblins
  2 jackals (D:3)
  3 kobolds
  2 quokkas (D:2)
  2 ball pythons
  2 bats
  6 frilled lizards
  A rat (D:1)
47 creatures vanquished.

Notes
Turn   | Place    | Note
-------+----------+-------------------------------------------
     0 | D:1      | slep the Demonspawn Monk began the quest for the Orb.
     0 | D:1      | Reached XP level 1. HP: 18/18 MP: 1/1
   275 | D:1      | Gained mutation: When hurt, damage is shared between your health and your magic reserves. [demonic ancestry]
   275 | D:1      | Reached XP level 2. HP: 18/24 MP: 2/2
   953 | D:2      | Found a burning altar of Makhleb.
  1043 | D:2      | Reached XP level 3. HP: 29/29 MP: 3/3
  1618 | D:2      | Found a white marble altar of Elyvilon.
  1662 | D:2      | Reached skill level 1 in Armour
  1835 | D:3      | Noticed Grinder
  1838 | D:3      | Paralysed by Grinder for 6 turns
  1980 | D:3      | Reached XP level 4. HP: 7/35 MP: 4/4
  2417 | D:4      | Noticed a phantom
  2442 | D:4      | Killed a phantom
  2442 | D:4      | Reached XP level 5. HP: 29/41 MP: 5/5
  2476 | D:4      | Splashed by a jelly's acid

Vault maps used:
D:1:      wheals_arrival_shading
D:2:      nicolae_overflow_crystal_walls, lemuel_doored_altar
D:3:      uniq_jessica, uniq_grinder
D:4:      first_bread

Skill      XL: |  1  2  3  4 |
---------------+-------------+-----
Dodging        | 3 |  3.5
Axes           | 3 |  3.6
Armour         | 1 2 |  2.3
Fighting       | |  3.5
Stealth        | |  1.7
Shields        | |  0.2

Action                   |  1- 3 |  4- 6 || total
-------------------------+-------+-------++-------
Melee: Hand axe          |   170 |       ||   170
       War axe           |       |    19 ||    19
  Use: Potion            |     2 |       ||     2
 Stab: Sleeping          |     2 |       ||     2
  Eat: Chunk             |     4 |       ||     4
Armor: Ring mail         |    56 |     4 ||    60
Dodge: Dodged            |   122 |     5 ||   127
Block: Buckler           |     9 |     8 ||    17

Table legend:
 A = Spawn XP
 B = Non-spawn XP
 C = Spawn XP percentage of total XP
 D = Spawn monster count
 E = Non-spawn monster count
 F = Spawn count percentage of total count
 G = Total turns spent on level
                    A         B        C        D         E        F      G
               +---------+---------+-------+---------+---------+-------+---------
         Total |       0 |     248 |   0.0 |       0 |      47 |   0.0 |  2476
               +---------+---------+-------+---------+---------+-------+---------
           D:1 |       0 |      29 |   0.0 |       0 |      17 |   0.0 |   926
           D:2 |       0 |      42 |   0.0 |       0 |      22 |   0.0 |   900
           D:3 |       0 |      35 |   0.0 |       0 |       6 |   0.0 |   169
           D:4 |       0 |     142 |   0.0 |       0 |       2 |   0.0 |   481
               +---------+---------+-------+---------+---------+-------+---------
